 Dungeon Crawl Stone Soup version 0.21-a0-442-g848f44b (webtiles) character file.

3042 Lazav66 the Cleaver (level 9, -4/81 HPs)
             Began as a Minotaur Berserker on Nov 15, 2017.
             Was an Elder of Trog.
             Slain by a death yak (13 damage)
             ... on level 8 of the Dungeon.
             The game lasted 00:13:44 (6270 turns).

Lazav66 the Cleaver (Minotaur Berserker)            Turns: 6270, Time: 00:13:44

Health: -4/81      AC:  8    Str: 23    XL:     9   Next: 56%
Magic:  0/8        EV: 13    Int:  4    God:    Trog [****..]
Gold:   284        SH:  3    Dex: 12    Spells: 8/8 levels left

rFire    + + .     SeeInvis .   A - +0 war axe
rCold    x . .     Gourm    .   (no shield)
rNeg     . . .     Faith    .   q - +0 scale mail
rPois    .         Spirit   +   (helmet restricted)
rElec    .         Reflect  +   L - scarf {Spirit}
rCorr    .         Harm     .   (no gloves)
MR       .....                  (no boots)
Stlth    ..........             u - +3 amulet of reflection
HPRegen  0.23/turn              d - ring of fire
MPRegen  0.11/turn              r - ring of protection from fire

@: berserk cooldown, slowed, very slow
A: retaliatory headbutt, horns 2
a: Berserk, Trog's Hand, Brothers in Arms, Burn Spellbooks, Renounce Religion


You were on level 8 of the Dungeon.
You worshipped Trog.
Trog was greatly pleased with you.
You were very hungry.

You visited 1 branch of the dungeon, and saw 8 of its levels.

You collected 284 gold pieces.

Inventory:

Hand Weapons
 p - a +0 flail
 A - a +0 war axe (weapon)
 E - a +0 broad axe
Missiles
 G - 2 javelins of penetration (quivered)
Armour
 f - a +0 large shield
 q - a +0 scale mail (worn)
 L - a scarf of spirit shield (worn)
Jewellery
 d - a ring of fire (left hand)
 r - a ring of protection from fire (right hand)
 u - a +3 amulet of reflection (around neck)
Wands
 F - a wand of random effects (29/48)
 H - a wand of iceblast (7/15)
 I - a wand of flame (20/48)
Scrolls
 g - 2 scrolls of remove curse {unknown}
 h - 3 scrolls of enchant armour {unknown}
 i - 4 scrolls of teleportation {unknown}
 m - a scroll of enchant weapon {unknown}
 t - a scroll of magic mapping {unknown}
 y - 2 scrolls of blinking {unknown}
 C - 3 scrolls of amnesia {unknown}
 J - a scroll of identify
Potions
 a - 2 potions of might
 b - 2 potions of magic {unknown}
 e - 3 potions of lignification
 j - a potion of curing {unknown}
 o - 3 potions of resistance
 s - a potion of agility
 v - a potion of degeneration
 w - a potion of invisibility
 x - 2 potions of haste
 z - 3 potions of heal wounds
 D - a potion of flight
 K - a potion of brilliance {unknown}
Comestibles
 c - 5 bread rations
 k - 3 chunks of flesh
 l - 4 meat rations
 n - a fruit
 B - 2 royal jellies


   Skills:
 + Level 8.1 Fighting
 * Level 10.7 Axes
 + Level 7.5 Armour
 + Level 6.9 Dodging


You had 8 spell levels left.
You didn't know any spells.

Dungeon Overview and Level Annotations

Branches:
Dungeon (8/15)             Temple (0/1) D:4
   Lair: D:8-11

Altars:
Cheibriados
Hepliaklqana
Kikubaaqudgha
Qazlal
Sif Muna
Uskayaw
Wu Jian
Zin

Shops:
D:4 *   D:6 [

Annotations:
D:7 Prince Ribbit


Innate Abilities, Weirdness & Mutations

You reflexively headbutt those who attack you in melee.
You have a pair of horns on your head.


Message History

The death yak gores you!
You barely miss the death yak.
The death yak is lightly wounded.
You are feeling very hungry.
The death yak gores you!
A death yak comes into view.
You feel a strong urge to attack something.
A death yak comes into view.
You feel your anger nearly subside.
You are no longer berserk.
You are exhausted.
You feel yourself slow down. The death yak gores you!
The worker ant waves its antennae.
The death yak gores you!!
* * * LOW HITPOINT WARNING * * *
The death yak bellows!
You hear an angry hiss.
Found 12 gold pieces.
The death yak gores you!
You die...

##.#. #$..
.... #.. #..
#.# #.# #@#
#Y# ####.#
r.. ..#Y#
.... #.#.#
.....###.#Y#
.........a.#
#.######a###
#.# #.#


You could see 3 death yaks and a worker ant.

Vanquished Creatures
  A two-headed ogre (D:5)
  Joseph (D:7)
  The ghost of Gildeon the Magician, an amateur DECj of Kikubaaqudgha (D:3)
  2 orc warriors
  An ice beast (D:8)
  2 sky beasts
  2 phantoms (D:4)
  An ogre (D:4)
  3 centaurs
  A scorpion (D:5)
  2 crimson imps
  A hound (D:4)
  A jelly (D:5)
  4 orc priests
  6 orc wizards
  3 iguanas
  Terence (D:2)
  4 worker ants
  A hound zombie (D:7)
  A worker ant zombie (D:5)
  2 river rats (D:4)
  12 adders
  2 shadow imps
  3 oozes
  An adder skeleton (D:6)
  3 worms
  3 dart slugs
  3 leopard geckos
  24 orcs
  9 bats
  4 giant cockroaches
  4 goblins
  10 hobgoblins
  19 jackals
  A quokka (D:7)
  4 ball pythons
  5 frilled lizards
  A jackal zombie (D:5)
  10 kobolds
  12 rats
171 creatures vanquished.

Vanquished Creatures (others)
  An orc (D:3)
1 creature vanquished.

Grand Total: 172 creatures vanquished

Notes
Turn   | Place    | Note
-------+----------+-------------------------------------------
     0 | D:1      | Lazav66 the Minotaur Berserker began the quest for the Orb.
     0 | D:1      | Reached XP level 1. HP: 19/19 MP: 0/0
    94 | D:1      | Reached skill level 4 in Axes
    94 | D:1      | Reached XP level 2. HP: 18/27 MP: 1/1
   633 | D:1      | Reached ** piety under Trog
   643 | D:1      | Reached XP level 3. HP: 24/33 MP: 2/2
   887 | D:2      | Found a hide-covered altar of Uskayaw.
   962 | D:2      | Noticed Terence
   971 | D:2      | Killed Terence
   971 | D:2      | Reached XP level 4. HP: 40/40 MP: 3/3
  1317 | D:2      | Reached skill level 5 in Axes
  1421 | D:2      | Found an ancient bone altar of Kikubaaqudgha.
  1480 | D:2      | Reached XP level 5. HP: 42/47 MP: 4/4
  1891 | D:3      | Noticed an orc warrior
  1903 | D:3      | Killed an orc warrior
  1903 | D:3      | Reached XP level 6. HP: 55/55 MP: 5/5
  1910 | D:3      | Noticed Gildeon's ghost (amateur DECj)
  1960 | D:3      | Killed Gildeon's ghost
  1960 | D:3      | Reached skill level 5 in Fighting
  1960 | D:3      | Reached skill level 6 in Axes
  2020 | D:3      | Found a glowing silver altar of Zin.
  2025 | D:3      | Found a hazy altar of Hepliaklqana.
  2116 | D:3      | Reached *** piety under Trog
  2561 | D:4      | Reached XP level 7. HP: 31/61 MP: 6/6
  2729 | D:4      | Reached skill level 7 in Axes
  2758 | D:4      | Reached skill level 5 in Armour
  3054 | D:4      | Found a staircase to the Ecumenical Temple.
  3133 | D:4      | Found Biuts's General Store.
  3380 | D:5      | Entered Level 5 of the Dungeon
  3490 | D:5      | Found an ornate altar of the Wu Jian Council.
  3616 | D:5      | Reached XP level 8. HP: 67/70 MP: 7/7
  3619 | D:5      | Reached skill level 5 in Dodging
  3628 | D:5      | Noticed a two-headed ogre
  3637 | D:5      | Killed a two-headed ogre
  3637 | D:5      | Reached skill level 9 in Axes
  4390 | D:5      | Reached **** piety under Trog
  4591 | D:6      | Found Cocyabem's Armour Emporium.
  4651 | D:6      | Reached XP level 9. HP: 72/79 MP: 8/8
  4658 | D:6      | Received a gift from Trog
  5311 | D:6      | Found a snail-covered altar of Cheibriados.
  5335 | D:6      | Found a stormy altar of Qazlal.
  5335 | D:6      | Found a deep blue altar of Sif Muna.
  5391 | D:7      | Noticed Joseph
  5400 | D:6      | Reached skill level 10 in Axes
  5414 | D:7      | Killed Joseph
  5874 | D:7      | Noticed Prince Ribbit
  6244 | D:8      | Noticed a death yak
  6258 | D:8      | Noticed a death yak
  6261 | D:8      | Noticed a death yak
  6270 | D:8      | Slain by a death yak

Vault maps used:
D:1:      erik_arrival_triangle_large, roderic_nine_men_s_morris
D:2:      kiku_gazebo_garden_becter, old_standard_altar, first_bread,
          uniq_terence
D:3:      nicolae_overflow_hidden_temple, minmay_misc_feat_nine_boxes
D:4:      lemuel_temple_firewalk_b, serial_shops, shop, portal_sewer_entry_e
D:5:      overflow_temple_1_default, dk_noncrumbling_3
D:6:      kennysheep_slug_shrine, gammafunk_temple_overflow_statue,
          serial_shops, shop_statue
D:7:      uniq_prince_ribbit1, uniq_joseph
D:8:      kennysheep_six_static_rooms, dpeg_lair_monsters, serial_shops, shop,
          the_bakery

Skill      XL: |  1  2  3  4  5  6  7  8  9 |
---------------+----------------------------+-----
Axes           | 4 5 6 7 9 10 | 10.7
Fighting       | 4 5 6 7 8 |  8.1
Armour         | 3 4 5 6 7 |  7.5
Dodging        | 3 4 6 |  6.9

Action                   |  1- 3 |  4- 6 |  7- 9 || total
-------------------------+-------+-------+-------++-------
Melee: Hand axe          |    53 |   159 |    15 ||   227
       Headbutt          |     9 |    23 |    40 ||    72
       War axe           |       |       |   192 ||   192
Throw: Javelin           |       |       |     1 ||     1
Invok: Berserk           |     1 |     2 |     6 ||     9
       Trog's Hand       |       |       |     2 ||     2
       Burn Spellbooks   |       |       |     1 ||     1
  Use: Scroll            |       |       |     8 ||     8
 Stab: Sleeping          |     2 |       |       ||     2
  Eat: Chunk             |       |     6 |    17 ||    23
       Royal jelly       |       |     1 |       ||     1
Armor: Animal skin       |     6 |       |       ||     6
       Ring mail         |     3 |       |       ||     3
       Scale mail        |       |    63 |    61 ||   124
Dodge: Dodged            |    35 |   117 |   105 ||   257
Block: Other             |       |    11 |    24 ||    35
       Reflection        |       |       |     1 ||     1

Table legend:
 A = Spawn XP
 B = Non-spawn XP
 C = Spawn XP percentage of total XP
 D = Spawn monster count
 E = Non-spawn monster count
 F = Spawn count percentage of total count
 G = Total turns spent on level
                    A         B        C        D         E        F      G
               +---------+---------+-------+---------+---------+-------+---------
         Total |       0 |    4346 |   0.0 |       0 |     171 |   0.0 |  6270
               +---------+---------+-------+---------+---------+-------+---------
           D:1 |       0 |      42 |   0.0 |       0 |      23 |   0.0 |   874
           D:2 |       0 |     195 |   0.0 |       0 |      32 |   0.0 |   991
           D:3 |       0 |     335 |   0.0 |       0 |      29 |   0.0 |   668
           D:4 |       0 |     778 |   0.0 |       0 |      30 |   0.0 |   847
           D:5 |       0 |    1313 |   0.0 |       0 |      17 |   0.0 |  1207
           D:6 |       0 |     628 |   0.0 |       0 |      21 |   0.0 |   809
           D:7 |       0 |     708 |   0.0 |       0 |      10 |   0.0 |   732
           D:8 |       0 |     347 |   0.0 |       0 |       9 |   0.0 |   142
               +---------+---------+-------+---------+---------+-------+---------
